| TOP OF THE 1ST |
|
San Diego Padres batting - Pitching for St. Louis Cardinals : LHP Steve Carlton
|
|
Pitching: LHP Steve Carlton
|
|
|
Batting: RHB Dennis Dungy
|
0-0: Ball 1-0: Ball 2-0: Foul Ball, location: 2F 2-1: Ball 3-1: Base on Balls
|
|
Batting: RHB Bob Dernier
|
0-0: Called Strike Dennis Dungy steals 2nd base (no throw) 0-1: Ground out 5-3 (Groundball, 56S, EV 85.6 MPH)
|
|
Batting: LHB Mike Cole
|
0-0: Ball Dennis Dungy is caught stealing 3rd base 2-5 1-0: Ball 2-0: Called Strike 2-1: Foul Ball, location: 2F 2-2: Ball 3-2: SINGLE (Groundball, 15S, EV 67.5 MPH) (infield hit)
|
|
Batting: RHB Eddy Martinez
|
0-0: Foul Ball, location: 2F 0-1: Called Strike 0-2: Ball Mike Cole is caught stealing 2nd base 2-4
|
| Top of the 1st over - 0 runs, 1 hit, 0 errors, 0 left on base; San Diego 0 - St. Louis 0 |
| BOTTOM OF THE 1ST |
|
St. Louis Cardinals batting - Pitching for San Diego Padres : RHP Skip Lockwood
|
|
Pitching: RHP Skip Lockwood
|
|
|
Batting: SHB Otis Nixon
|
0-0: Foul Ball, location: 2F 0-1: SINGLE (Groundball, 4MD, EV 96.3 MPH)
|
|
Batting: LHB Jim Gantner
|
0-0: Called Strike 0-1: Ball 1-1: Ball 2-1: Called Strike 2-2: Ball 3-2: DOUBLE (Line Drive, 3D, EV 98.1 MPH) Otis Nixon to third Otis Nixon scores
|
|
Batting: RHB Sixto Lezcano
|
0-0: Ball 1-0: Ball 2-0: Ball 3-0: Base on Balls
|
|
Batting: RHB Bob Watson
|
0-0: Called Strike 0-1: Fly out, F9 (Flyball, 89XD, EV 83.1 MPH) Runner from 2nd tags up, SAFE at 3rd, no throw by RF
|
|
Batting: LHB Mike Davis
|
0-0: Ball 1-0: Ball 2-0: Ball 3-0: Base on Balls Sixto Lezcano to second
|
|
Batting: RHB Joe Torre
|
0-0: Called Strike 0-1: Called Strike 0-2: SINGLE (Groundball, 3D, EV 96.9 MPH) Jim Gantner scores Sixto Lezcano to third Mike Davis to second Runner from 3rd tries for Home, SAFE, throw by RF to home
|
|
Batting: LHB Pat Putnam
|
0-0: Ball Mike Davis steals 3rd base 1-0: Called Strike 1-1: Ball 2-1: 3-RUN HOME RUN (Line Drive, 7D, EV 106.9 MPH), Distance : 371 ft
|
|
Batting: SHB Billy E Smith
|
0-0: Ball 1-0: Foul Ball, location: 2F 1-1: Ground out 4-3 (Groundball, 4S, EV 91.3 MPH)
|
|
Batting: LHB Steve Carlton
|
0-0: Ball 1-0: SINGLE (Groundball, 56D, EV 100.0 MPH)
|
|
Pitching: LHP Gary Grunsky
|
|
|
Batting: SHB Otis Nixon
|
0-0: Fly out, F7 (Flyball, 7D, EV 99.4 MPH)
|
| Bottom of the 1st over - 6 runs, 5 hits, 0 errors, 1 left on base; San Diego 0 - St. Louis 6 |
| TOP OF THE 2ND |
|
San Diego Padres batting - Pitching for St. Louis Cardinals : LHP Steve Carlton
|
|
Batting: RHB Eddy Martinez
|
0-0: Ball 1-0: Fly out, F8 (Flyball, 8RS, EV 88.1 MPH)
|
|
Batting: RHB Joel Youngblood
|
0-0: Ball 1-0: Called Strike 1-1: Ball 2-1: Foul Ball, location: 2F 2-2: Ground out 4-3 (Groundball, 4M, EV 85.6 MPH)
|
|
Batting: LHB Tom Dunbar
|
0-0: Ground out U3 (Groundball, 3D, EV 89.4 MPH)
|
| Top of the 2nd over - 0 runs, 0 hits, 0 errors, 0 left on base; San Diego 0 - St. Louis 6 |
| BOTTOM OF THE 2ND |
|
St. Louis Cardinals batting - Pitching for San Diego Padres : LHP Gary Grunsky
|
|
Batting: LHB Jim Gantner
|
0-0: Foul Ball, location: 2F 0-1: Ball 1-1: Foul Ball, location: 2F 1-2: Foul Ball, location: 2F 1-2: Foul Ball, location: 2F 1-2: Ball 2-2: Fly out, F8 (Flyball, 8RS, EV 96.9 MPH)
|
|
Batting: RHB Sixto Lezcano
|
0-0: Ball 1-0: Ball 2-0: Ball 3-0: Base on Balls
|
|
Batting: RHB Bob Watson
|
0-0: Called Strike 0-1: Ball 1-1: Ball Sixto Lezcano steals 2nd base (no throw) 2-1: Ball 3-1: Foul Ball, location: 2F 3-2: Fly out, F4 (Popup, 4, EV 80.0 MPH)
|
|
Batting: LHB Mike Davis
|
0-0: Foul Ball, location: 2F 0-1: Swinging Strike 0-2: Fly out, F7 (Flyball, 7, EV 84.4 MPH)
|
| Bottom of the 2nd over - 0 runs, 0 hits, 0 errors, 1 left on base; San Diego 0 - St. Louis 6 |
| TOP OF THE 3RD |
|
San Diego Padres batting - Pitching for St. Louis Cardinals : LHP Steve Carlton
|
|
Batting: RHB Heriberto Soltero
|
0-0: Called Strike 0-1: Swinging Strike 0-2: Ground out 5-3 (Groundball, 56, EV 101.3 MPH)
|
|
Batting: LHB Jeffrey Zitek
|
0-0: Ball 1-0: Foul Ball, location: 2F 1-1: Swinging Strike 1-2: Reached on error, E3 (Groundball, 3L, EV 80.0 MPH)
|
|
Batting: LHB Gary Grunsky
|
0-0: Ball 1-0: Bunted foul 1-1: Bunt missed! 1-2: Bunt missed, Strikeout!
|
|
Batting: RHB Dennis Dungy
|
0-0: Ball 1-0: Ball 2-0: Foul Ball, location: 2F 2-1: Foul Ball, location: 2F 2-2: Ball 3-2: Fly out, F8 (Line Drive, 8LM, EV 93.8 MPH)
|
| Top of the 3rd over - 0 runs, 0 hits, 1 error, 1 left on base; San Diego 0 - St. Louis 6 |
| BOTTOM OF THE 3RD |
|
St. Louis Cardinals batting - Pitching for San Diego Padres : LHP Gary Grunsky
|
|
Batting: RHB Joe Torre
|
0-0: Swinging Strike 0-1: Called Strike 0-2: Ground out 6-3 (Groundball, 6, EV 93.1 MPH)
|
|
Batting: LHB Pat Putnam
|
0-0: Called Strike 0-1: Foul Ball, location: 2F 0-2: Foul Ball, location: 2F 0-2: Foul Ball, location: 2F 0-2: Ball 1-2: Fly out, F2 (Popup, 2L, EV 96.9 MPH)
|
|
Batting: SHB Billy E Smith
|
0-0: Ball 1-0: Fly out, F9 (Flyball, 9S, EV 88.8 MPH)
|
| Bottom of the 3rd over - 0 runs, 0 hits, 0 errors, 0 left on base; San Diego 0 - St. Louis 6 |
| TOP OF THE 4TH |
|
San Diego Padres batting - Pitching for St. Louis Cardinals : LHP Steve Carlton
|
|
Batting: RHB Bob Dernier
|
0-0: Called Strike 0-1: Ball 1-1: Swinging Strike 1-2: Ball 2-2: Ball 3-2: Foul Ball, location: 2F 3-2: Foul Ball, location: 2F 3-2: Base on Balls
|
|
Batting: LHB Mike Cole
|
0-0: Ball 1-0: Foul Ball, location: 2F 1-1: Ball Bob Dernier steals 2nd base 2-1: Called Strike 2-2: Ground out 4-3 (Groundball, 4, EV 110.6 MPH) Bob Dernier to third
|
|
Batting: RHB Eddy Martinez
|
0-0: Ball 1-0: Fly out, F9 (Flyball, 9LM, EV 95.6 MPH) Runner from 3rd tags up, SCORES, no throw by RF
|
|
Batting: RHB Joel Youngblood
|
0-0: Swinging Strike 0-1: Called Strike 0-2: Strikes out looking
|
| Top of the 4th over - 1 run, 0 hits, 0 errors, 0 left on base; San Diego 1 - St. Louis 6 |
| BOTTOM OF THE 4TH |
|
St. Louis Cardinals batting - Pitching for San Diego Padres : LHP Gary Grunsky
|
|
Batting: LHB Steve Carlton
|
0-0: DOUBLE (Line Drive, 7LS, EV 113.1 MPH)
|
|
Batting: SHB Otis Nixon
|
0-0: Ground out 6-3 (Groundball, 6M, EV 89.4 MPH) Steve Carlton to third
|
|
Pitching: LHP Jack W O'Connor
|
|
|
Batting: LHB Jim Gantner
|
0-0: Ground out 4-3 (Groundball, 4D, EV 86.3 MPH) Steve Carlton scores
|
|
Batting: RHB Sixto Lezcano
|
0-0: Ball 1-0: Foul Ball, location: 2F 1-1: Ball 2-1: Ball 3-1: Called Strike 3-2: Fly out, F4 (Popup, 4S, EV 78.8 MPH)
|
| Bottom of the 4th over - 1 run, 1 hit, 0 errors, 0 left on base; San Diego 1 - St. Louis 7 |
| TOP OF THE 5TH |
|
San Diego Padres batting - Pitching for St. Louis Cardinals : LHP Steve Carlton
|
|
Batting: LHB Tom Dunbar
|
0-0: Foul Ball, location: 2F 0-1: Fly out, F8 (Flyball, 89D, EV 94.4 MPH)
|
|
Batting: RHB Heriberto Soltero
|
0-0: Called Strike 0-1: DOUBLE (Flyball, 8RXD, EV 91.9 MPH)
|
|
Batting: LHB Jeffrey Zitek
|
0-0: Ball 1-0: Ball 2-0: Foul Ball, location: 2F 2-1: Ball 3-1: Base on Balls
|
|
Batting: LHB Jack W O'Connor
|
0-0: Bunted foul 0-1: Bunt missed! 0-2: Bunt missed, Strikeout!
|
|
Batting: RHB Dennis Dungy
|
0-0: Called Strike 0-1: Swinging Strike 0-2: Strikes out swinging
|
| Top of the 5th over - 0 runs, 1 hit, 0 errors, 2 left on base; San Diego 1 - St. Louis 7 |
| BOTTOM OF THE 5TH |
|
St. Louis Cardinals batting - Pitching for San Diego Padres : LHP Jack W O'Connor
|
|
Batting: RHB Bob Watson
|
0-0: Foul Ball, location: 2F 0-1: Called Strike 0-2: Ball 1-2: Ball 2-2: Ball 3-2: Foul Ball, location: 2F 3-2: SINGLE (Line Drive, 5D, EV 96.9 MPH)
|
|
Batting: LHB Mike Davis
|
0-0: Ball 1-0: Called Strike 1-1: Called Strike 1-2: SINGLE (Line Drive, 89S, EV 113.1 MPH) Bob Watson to second
|
|
Batting: RHB Joe Torre
|
0-0: Called Strike 0-1: Swinging Strike 0-2: Foul Ball, location: 2F 0-2: Foul Ball, location: 2F 0-2: Ball 1-2: Fly out, F9 (Flyball, 9S, EV 81.9 MPH)
|
|
Batting: LHB Pat Putnam
|
0-0: Called Strike 0-1: Ball 1-1: Fielders Choice at 2nd, 6-4 (Groundball, 6M, EV 102.5 MPH) Bob Watson to third
|
|
Batting: SHB Billy E Smith
|
0-0: Fielders Choice at 2nd, 6-4 (Groundball, 6, EV 84.4 MPH)
|
| Bottom of the 5th over - 0 runs, 2 hits, 0 errors, 2 left on base; San Diego 1 - St. Louis 7 |
| TOP OF THE 6TH |
|
San Diego Padres batting - Pitching for St. Louis Cardinals : LHP Steve Carlton
|
|
Batting: RHB Bob Dernier
|
0-0: Swinging Strike 0-1: Ball 1-1: Swinging Strike 1-2: Foul Ball, location: 2F 1-2: Ball 2-2: Ball 3-2: Fly out, F8 (Line Drive, 8RD, EV 94.4 MPH)
|
|
Batting: LHB Mike Cole
|
0-0: Foul Ball, location: 2F 0-1: Called Strike 0-2: Foul Ball, location: 2F 0-2: Fly out, F7 (Line Drive, 7, EV 93.1 MPH)
|
|
Batting: RHB Eddy Martinez
|
0-0: Ball 1-0: Foul Ball, location: 2F 1-1: Ball 2-1: Ball 3-1: Fly out, F8 (Flyball, 89S, EV 91.9 MPH)
|
| Top of the 6th over - 0 runs, 0 hits, 0 errors, 0 left on base; San Diego 1 - St. Louis 7 |
| BOTTOM OF THE 6TH |
|
St. Louis Cardinals batting - Pitching for San Diego Padres : LHP Jack W O'Connor
|
|
Batting: LHB Steve Carlton
|
0-0: Ball 1-0: Foul Ball, location: 2F 1-1: Foul Ball, location: 2F 1-2: Strikes out swinging
|
|
Batting: SHB Otis Nixon
|
0-0: Ball 1-0: Ball 2-0: Called Strike 2-1: Ball 3-1: Foul Ball, location: 2F 3-2: Foul Ball, location: 2F 3-2: Base on Balls
|
|
Batting: LHB Jim Gantner
|
0-0: Ball Otis Nixon steals 2nd base 1-0: Called Strike 1-1: Foul Ball, location: 2F 1-2: Foul Ball, location: 2F 1-2: Ball 2-2: Foul Ball, location: 2F 2-2: Ground out 4-3 (Groundball, 4, EV 78.1 MPH) Otis Nixon to third
|
|
Batting: RHB Sixto Lezcano
|
0-0: Foul Ball, location: 2F 0-1: Ball 1-1: Swinging Strike 1-2: Ground out 5-3 (Groundball, 56S, EV 90.6 MPH)
|
| Bottom of the 6th over - 0 runs, 0 hits, 0 errors, 1 left on base; San Diego 1 - St. Louis 7 |
| TOP OF THE 7TH |
|
San Diego Padres batting - Pitching for St. Louis Cardinals : LHP Steve Carlton
|
|
Batting: RHB Joel Youngblood
|
0-0: Called Strike 0-1: Ball 1-1: Swinging Strike 1-2: Strikes out swinging
|
|
Batting: LHB Tom Dunbar
|
0-0: Ball 1-0: DOUBLE (Line Drive, 7LS, EV 87.5 MPH)
|
|
Batting: RHB Heriberto Soltero
|
0-0: Ground out 5-3 (Groundball, 15, EV 83.8 MPH)
|
|
Batting: LHB Jeffrey Zitek
|
0-0: Swinging Strike 0-1: Ball 1-1: Fly out, F8 (Flyball, 8LS, EV 82.5 MPH)
|
| Top of the 7th over - 0 runs, 1 hit, 0 errors, 1 left on base; San Diego 1 - St. Louis 7 |
| BOTTOM OF THE 7TH |
|
St. Louis Cardinals batting - Pitching for San Diego Padres : LHP Jack W O'Connor
|
|
Batting: RHB Bob Watson
|
0-0: Called Strike 0-1: Swinging Strike 0-2: Ball 1-2: Ball 2-2: Foul Ball, location: 2F 2-2: Fly out, F9 (Flyball, 9D, EV 106.3 MPH)
|
|
Batting: LHB Mike Davis
|
0-0: Called Strike 0-1: Fly out, F8 (Flyball, 8RD, EV 100.0 MPH)
|
|
Batting: RHB Joe Torre
|
0-0: Ball 1-0: Ball 2-0: Ball 3-0: Base on Balls
|
|
Batting: LHB Pat Putnam
|
0-0: Called Strike 0-1: Ball 1-1: Called Strike 1-2: Strikes out swinging
|
| Bottom of the 7th over - 0 runs, 0 hits, 0 errors, 1 left on base; San Diego 1 - St. Louis 7 |
| TOP OF THE 8TH |
|
San Diego Padres batting - Pitching for St. Louis Cardinals : LHP Steve Carlton
|
|
Pinch Hitting: RHB Tommy Curran
|
0-0: Ball 1-0: Called Strike 1-1: Called Strike 1-2: Strikes out looking
|
|
Batting: RHB Dennis Dungy
|
0-0: Ball 1-0: Ball 2-0: Called Strike 2-1: Ball 3-1: Foul Ball, location: 2F 3-2: Base on Balls
|
|
Batting: RHB Bob Dernier
|
0-0: Called Strike 0-1: Ball Wild Pitch! Dennis Dungy to second 1-1: Ball 2-1: Ball 3-1: Fly out, F8 (Line Drive, 8RM, EV 91.9 MPH)
|
|
Batting: LHB Mike Cole
|
0-0: Ball 1-0: Ball 2-0: Called Strike 2-1: Ball 3-1: SINGLE (Groundball, 34D, EV 104.4 MPH) Dennis Dungy to third Runner from 3rd tries for Home, SAFE, throw by RF to home
|
|
Batting: RHB Eddy Martinez
|
0-0: Ball 1-0: Swinging Strike 1-1: Foul Ball, location: 2F 1-2: Ball 2-2: Ball 3-2: Foul Ball, location: 2F 3-2: Fly out, F8 (Flyball, 8RD, EV 99.4 MPH)
|
| Top of the 8th over - 1 run, 1 hit, 0 errors, 1 left on base; San Diego 2 - St. Louis 7 |
| BOTTOM OF THE 8TH |
|
St. Louis Cardinals batting - Pitching for San Diego Padres : LHP Jack W O'Connor
|
|
Pitching: LHP Ed Vande Berg
|
|
|
Batting: SHB Billy E Smith
|
0-0: Ball 1-0: Foul Ball, location: 2F 1-1: Ball 2-1: Fly out, F7 (Flyball, 7S, EV 88.8 MPH)
|
|
Pinch Hitting: RHB Pascual D'Annunzio
|
0-0: Called Strike 0-1: Foul Ball, location: 2F 0-2: Ground out 5-3 (Groundball, 56S, EV 73.1 MPH)
|
|
Batting: SHB Otis Nixon
|
0-0: Ball 1-0: Ground out 5-3 (Groundball, 56, EV 87.5 MPH)
|
| Bottom of the 8th over - 0 runs, 0 hits, 0 errors, 0 left on base; San Diego 2 - St. Louis 7 |
| TOP OF THE 9TH |
|
San Diego Padres batting - Pitching for St. Louis Cardinals : LHP Steve Carlton
|
|
Pitching: RHP Larry Andersen
|
|
|
Batting: RHB Joel Youngblood
|
0-0: Ball 1-0: Ball 2-0: SINGLE (Line Drive, 8LS, EV 108.8 MPH)
|
|
Batting: LHB Tom Dunbar
|
0-0: Called Strike 0-1: Ball 1-1: Ball 2-1: Foul Ball, location: 2F 2-2: Ball 3-2: Fielders Choice at 2nd, 4-6 (Groundball, 4, EV 83.1 MPH)
|
|
Batting: RHB Heriberto Soltero
|
0-0: Ball 1-0: Swinging Strike 1-1: Ball 2-1: Ball 3-1: Base on Balls Tom Dunbar to second
|
|
Batting: LHB Jeffrey Zitek
|
0-0: Ball 1-0: Ball 2-0: Grounds into double play, 4-6-3 (Groundball, 4, EV 108.8 MPH)
|
| Top of the 9th over - 0 runs, 1 hit, 0 errors, 1 left on base; San Diego 2 - St. Louis 7 |
|